 Dungeon Crawl Stone Soup version 0.24.0-123-gd5b16e6ec5 (webtiles) character file.

Game seed: 2240869860852675088, levelgen mode: deterministic

46 Locuples the Sneak (level 3, -2/27 HPs)
             Began as a Demonspawn Assassin on Jan 28, 2020.
             Slain by an orc warrior
             ... wielding a +0 war axe
              (14 damage)
             ... on level 3 of the Dungeon.
             The game lasted 00:04:56 (1900 turns).

Locuples the Sneak (Demonspawn Assassin)            Turns: 1900, Time: 00:04:57

Health: -2/27      AC:  9    Str: 11    XL:     3   Next: 44%
Magic:  3/3        EV: 15    Int: 12    God:
Gold:   75         SH:  0    Dex: 15    Spells: 2/2 levels left

rFire    . . .     SeeInvis .   a - +2 dagger
rCold    . . .     Gourm    .   (no shield)
rNeg     . . .     Faith    .   b - +0 robe
rPois    .         Spirit   .   (no helmet)
rElec    .         Reflect  .   c - +0 cloak
rCorr    .         Harm     .   (no gloves)
MR       .....                  (no boots)
Stlth    ++++......             (no amulet)
HPRegen  0.09/turn              i - +4 ring of evasion
MPRegen  0.08/turn              (no ring)

@: sanguine armour, starving, lightly drained
A: nightstalker 1, sanguine armour 1
a: no special abilities


You were on level 3 of the Dungeon.
You were starving.

You visited 1 branch of the dungeon, and saw 3 of its levels.

You collected 75 gold pieces.

Inventory:

Hand Weapons
 a - a +2 dagger (weapon)
Missiles
 d - 8 poisoned darts (quivered)
 e - 2 curare-tipped darts
Armour
 b - a +0 robe (worn)
 c - a +0 cloak (worn)
Jewellery
 i - a +4 ring of evasion (left hand)
Scrolls
 g - 3 scrolls of identify
 j - a scroll of enchant armour {unknown}
 k - 2 scrolls of immolation
Potions
 h - a potion of curing
Comestibles
 f - 4 rations
 n - 3 chunks of flesh


   Skills:
 - Level 2.0(1.5) Fighting
 + Level 2.1(1.6) Short Blades
 - Level 1.7(1.3) Throwing
 - Level 0.8(0.4) Dodging
 * Level 4.8(4.3) Stealth


You had 2 spell levels left.
You didn't know any spells.
Your spell library was empty.

Dungeon Overview and Level Annotations

Branches:
Dungeon (3/15)

Altars:
Gozag

Annotations:
D:2 Sigmund


Innate Abilities, Weirdness & Mutations

You are slightly more attuned to the shadows.
When seriously injured, your bleeding wounds create armour. (AC +6)


Message History

The orc warrior is moderately wounded.
The orc warrior hits you but does no damage.
You cannot move.
You closely miss the orc warrior.
The orc warrior is moderately wounded.
The orc warrior hits you but does no damage.
You hit the orc warrior but do no damage.
The orc warrior is moderately wounded.
You hit the orc warrior but do no damage.
The orc warrior is moderately wounded.
The orc warrior hits you but does no damage.
You barely miss the orc warrior.
The orc warrior is moderately wounded.
You feel less wooden.
Your +0 cloak unmelds from your body.
Your +0 robe unmelds from your body.
Your blood congeals into armour.
The orc warrior barely misses you.
You feel better.
The orc warrior hits you with a +0 war axe!
Ouch! That really hurt!
You die...

#.....o"o...#
###########.#
#o# #.# #o#
#.# #.######
#.o.oo.#
######@#
.......#
######.# #.#
#.# #.# #.#


You could see an orc warrior and 2 orcs.

Vanquished Creatures
  A howler monkey skeleton (D:2)
  An ooze (D:3)
  A dart slug (D:1)
  A leopard gecko (D:3)
  A bat (D:1)
  3 giant cockroaches (D:1)
  2 hobgoblins (D:1)
  4 jackals
  A ball python (D:1)
  A frilled lizard (D:3)
  2 giant cockroach zombies (D:2)
  5 kobolds
  5 rats
28 creatures vanquished.

Notes
Turn   | Place    | Note
-------+----------+-------------------------------------------
     0 | D:1      | Locuples the Demonspawn Assassin began the quest for the
                  | Orb.
     0 | D:1      | Reached XP level 1. HP: 16/16 MP: 1/1
   395 | D:1      | Reached skill level 4 in Stealth
   709 | D:1      | Gained mutation: When seriously injured, your bleeding
                  | wounds create armour. (AC +6) [demonic ancestry]
   709 | D:1      | Reached XP level 2. HP: 18/22 MP: 2/2
  1259 | D:2      | Found an opulent altar of Gozag.
  1305 | D:2      | Gained mutation: You are slightly more attuned to the
                  | shadows. [demonic ancestry]
  1305 | D:2      | Reached XP level 3. HP: 14/27 MP: 3/3
  1580 | D:2      | Noticed Sigmund
  1806 | D:3      | Noticed an orc warrior
  1900 | D:3      | Slain by an orc warrior

Levels and vault maps discovered:
D:1:      minmay_arrival_checkered_box, layout_rooms, columned_hall_lemuel,
          feat_on_display
D:2:      layout_loops_corners, nicolae_gozag_seed_capital, serial_undead,
          serial_undead_e, serial_undead_d, serial_undead_a, serial_undead_d,
          serial_undead_c, serial_undead_e, serial_undead_a,
          minmay_pentomino_v2, uniq_sigmund
D:3:      layout_loops_ring, marbit_many_paths, chequers_serial_rivers_small_b,
          uniq_natasha

Skill      XL: |  1  2 |
---------------+-------+-----
Stealth        | 4 |  4.8
Short Blades   | 2 |  2.1
Fighting       | |  2.0
Throwing       | |  1.7
Dodging        | |  0.8

Action                   || total
-------------------------++-------
Melee: Dagger            ||   136
  Use: Potion            ||     4
       Scroll            ||     1
 Stab: Sleeping          ||     5
       Distracted        ||     1
  Eat: Chunk             ||     1
Armor: Robe              ||    16
       Skin              ||    12
Dodge: Dodged            ||    88
